AoeStats
← kV0t3

Arabia

510464156Analyzed
1v1 RM · 12h ago on Oct 1, 2026· 50m 47s· 2 players
Game mode
Random Map
Map size
Tiny (2 player)
Population
200
Speed
Normal
Resources
Standard
Victory
Conquest
Starting age
Dark Age
Ending age
Imperial Age
RankedLock teamsTeams togetherTeam positionsShared explorationLock speedFull tech treeHidden civsTurbo modeCheats
Victory
Defeat
🇨🇱 Vietnamese · Chile
1305
+15
🇦🇷 Mongols · Argentina
1294
-15
kV0t3
0:25 Loom
9:40 Feudal Age
15:49 Castle Age
18:41 Double-Bit Axe
22:10 Fletching
24:26 Ballistics
24:34 Bow Saw
25:44 Bodkin Arrow
27:15 Wheelbarrow
27:29 Padded Archer Armor
35:04 Imperial Age
32:28 Light Cavalry
34:14 Bloodlines
34:10 Scale Barding Armor
35:14 Chain Barding Armor
36:08 Forging
39:37 Iron Casting
40:44 Hussar
42:30 Blast Furnace
46:08 Heavy Camel Rider
[CL]iLoveWeed
0:28 Loom
10:33 Feudal Age
11:27 Double-Bit Axe
16:33 Horse Collar
23:09 Castle Age
23:35 Gold Mining
24:12 Fletching
24:33 Bow Saw
24:27 Heavy Plow
24:50 Town Watch
25:49 Wheelbarrow
27:16 Sanctity
26:56 Elite Skirmisher
30:22 Bodkin Arrow
31:34 Ballistics
31:54 Light Cavalry
31:54 Light Cavalry
33:03 Padded Archer Armor
33:54 Bloodlines
33:44 Husbandry
34:21 Hand Cart
34:42 Husbandry
35:25 Town Patrol
36:39 Scale Barding Armor
36:44 Forging
36:33 Crossbowman
37:10 Stone Mining
43:49 Chain Barding Armor
44:05 Iron Casting
44:26 Chatras
46:47 Devotion
49:44 Pikeman
50:27 Squires
Connection lost

Rejoining the realm…

Still unreachable

The connection could not be restored.

Session expired

The server has moved on; the page needs a fresh start.